 Dungeon Crawl Stone Soup version 0.32-a0-779-g362cfcae2a (webtiles) character file.

Game seed: 15604601152749942840

399 Xavori the Trooper (level 7, -2/51 HPs)
             Began as a Djinni Chaos Knight on Mar 19, 2024.
             Was a Plaything of Xom.
             Slain by a wight
             ... wielding a +5 dire flail of freezing
              (6 damage)
             ... on level 2 of the Dungeon.
             The game lasted 00:03:59 (11165 turns).

Xavori the Trooper (Djinni Chaos Knight)           Turns: 11165, Time: 00:04:00

Health: -2/51      AC:  8    Str: 11    XL:     7   Next: 10%
Gold:   151        EV: 11    Int: 13    God:    Xom [..*...] SH:  0 Dex: 15

rFire   + + .        a - +0 falchion (chaos)
rCold   x . .        (no shield)
rNeg    . . .        b - +2 leather armour
rPois   ∞            (no helmet)
rElec   .            m - +0 cloak
rCorr   .            (no gloves)
SInv    .            (boots unavailable)
Will    .....        (no amulet)
Stlth   +            (no ring)
HPRegen 0.28/turn    (no ring)
MPRegen 0.00/turn

%: infuse magic (-3 HP)
@: flying
A: sickness immunity, fire resistance 2, cold vulnerability 1, float, innate
caster, HP casting, extra vitality 1, iridescent scales 1, no potion heal 1
a: Renounce Religion


You were on level 2 of the Dungeon.
You worshipped Xom.
You were a toy of Xom.
You visited 1 branch of the dungeon, and saw 3 of its levels.

You collected 151 gold pieces.

Inventory:

Hand Weapons
 a - a +0 falchion of chaos (weapon)
Missiles
 g - 3 darts of dispersal (quivered)
Armour
 b - a +2 leather armour (worn)
 m - a +0 cloak (worn)
Wands
 n - a wand of polymorph (7)
Scrolls
 c - a scroll of butterflies
 d - a scroll of fear {unknown}
 e - a scroll of teleportation {unknown}
 h - a scroll of poison
 j - a scroll of immolation
 l - 3 scrolls of identify {unknown}
 o - a scroll of brand weapon {unknown}
Potions
 f - a potion of heal wounds {unknown}
 i - a potion of curing {unknown}


   Skills:
 + Level 3.9 Fighting
 + Level 3.5 Long Blades
 + Level 2.6 Armour
 + Level 3.5 Dodging
 * Level 2.5 Spellcasting
 * Level 2.5 Conjurations
 * Level 2.5 Hexes
   Level 0.0 Charms
 * Level 2.5 Summonings
 * Level 2.5 Necromancy
 * Level 2.5 Translocations
   Level 0.0 Transmutations
 * Level 2.5 Fire Magic
 * Level 2.5 Ice Magic
 * Level 2.5 Air Magic
 * Level 2.5 Earth Magic
 * Level 2.5 Alchemy
 + Level 1.6 Evocations


You knew the following spells:

 Your Spells              Type           Power      Damage    Failure   Level
a - Necrotise             Necr           32%        1d5       12%         1
b - Jinxbite              Hex            16%        N/A       17%         2
c - Call Imp              Summ           16%        N/A       17%         2
Your spell library was empty.

Dungeon Overview and Level Annotations

Branches:
Dungeon (3/15)

Altars:
Hepliaklqana
Yredelemnul


Innate Abilities, Weirdness & Mutations

You are immune to sickness and miasma.
You are immune to poison.
Your flesh is very heat resistant. (rF++)
You are vulnerable to cold. (rC-)
You float through the air rather than walking.
You learn spells naturally, not from books.
Your magical power is your life essence.
You have superior vitality. (+4 MHP)
You are partially covered in iridescent scales. (AC +2)
Potions are less effective at restoring your health.


Message History

You destroy the wight!
The wight closely misses you.
You have reached level 7!
The power to cast Call Imp wells up from within.
Spell assigned to 'c'.
You hit the wight but do no damage.
The wight becomes as fragile as glass!
Your adder zombie bites the wight but does no damage.
The wight closely misses you.
Unknown command.
Unknown command.
You hit the wight but do no damage.
Your goblin zombie hits the wight but does no damage.
Your adder zombie closely misses the wight.
The wight barely misses you.
You hit the wight but do no damage.
The wight seems to slow down.
Your adder zombie completely misses the wight.
Your goblin zombie misses the wight.
The wight barely misses you.
Unknown command.
You hit the wight.
The wight is moderately damaged.
Your adder zombie bites the wight but does no damage.
Your goblin zombie hits the wight but does no damage.
Your adder zombie bites the wight but does no damage.
The wight completely misses you.
You barely miss the wight.
The wight is moderately damaged.
Your goblin zombie hits the wight but does no damage.
Your adder zombie closely misses the wight.
You closely miss the wight.
The wight is moderately damaged.
The wight completely misses you.
Your adder zombie bites the wight but does no damage.
Your goblin zombie hits the wight.
You hit the wight.
The wight is moderately damaged.
Your adder zombie misses the wight.
The wight hits you with a +5 dire flail of freezing!
* * * LOW HITPOINT WARNING * * *
The wight freezes you.
You die...

#............#.......#...).....#
#.).........#####.#............#
#..........##..........#<..#....
#..........##..........#.<.....#
#...............................
#..........#......).....####....
#..........##......[...## ##...
#.............ZZ.......# ###.
#.....)....##.z@.......# #.
#......................# #.
#######.....###.....#.#########.
####......##.^###.....#.....#.
#....##...##.## ####..........
####.#####...#..# #..........
#....# #...#.## ##.........
#.#### #......## #.....)...
..### ##..##...# #........>


You could see a wight (slow, ally target, vitrified), a friendly adder zombie
and a friendly goblin zombie.

Vanquished Creatures
  Grinder (D:3)
  2 wights
  Ijyb (D:3)
  3 adders
  A ribbon worm (D:2)
  A dart slug (D:1)
  7 ball pythons
  4 bats
  4 endoplasms
  A giant cockroach (D:2)
  6 goblins
  5 hobgoblins
  3 jackals (D:1)
  3 quokkas
  4 frilled lizards
  2 kobolds
  9 rats
57 creatures vanquished.

Notes
Turn   | Place    | Note
-------+----------+-------------------------------------------
     0 | D:1      | Xavori the Djinni Chaos Knight began the quest for the Orb.
     0 | D:1      | Reached XP level 1. HP: 20/20 MP: 0/0
   165 | D:1      | Reached XP level 2. HP: 22/25 MP: 0/0
   295 | D:1      | Found a faded altar of an unknown god.
   324 | D:1      | Reached XP level 3. HP: 30/30 MP: 0/0
   324 | D:1      | Learned a level 1 spell: Necrotise
   324 | D:1      | XOM: cast spell 'Olgreb's Toxic Radiance'
   354 | D:1      | Reached skill level 1 in Spellcasting
   354 | D:1      | Reached skill level 1 in Conjurations
   354 | D:1      | Reached skill level 1 in Hexes
   354 | D:1      | Reached skill level 1 in Summonings
   354 | D:1      | Reached skill level 1 in Necromancy
   354 | D:1      | Reached skill level 1 in Translocations
   354 | D:1      | Reached skill level 1 in Fire Magic
   354 | D:1      | Reached skill level 1 in Ice Magic
   354 | D:1      | Reached skill level 1 in Air Magic
   354 | D:1      | Reached skill level 1 in Earth Magic
   354 | D:1      | Reached skill level 1 in Alchemy
   372 | D:1      | XOM: cloud trail
  1140 | D:1      | XOM: noise
  1270 | D:1      | XOM: give mutation
  1270 | D:1      | Gained mutation: You are partially covered in iridescent
                  | scales. (AC +2) [Xom's mischief]
  2612 | D:1      | XOM: stat loss: -1 Dex (13/14)
  3532 | D:1      | XOM: god gift: 3 darts of dispersal
  4170 | D:1      | XOM: divination: detect items
  5518 | D:1      | XOM: silly message
  6410 | D:1      | XOM: god gift: scroll labelled ADIAWN UMOROTU {god gift}
  6958 | D:1      | XOM: cloud trail
  7576 | D:1      | XOM is BORED!
  8142 | D:1      | XOM: noise
  8664 | D:1      | XOM: give mutations
  8664 | D:1      | Gained mutation: Potions are less effective at restoring
                  | your health. [Xom's mischief]
  8762 | D:1      | XOM: noise
  9184 | D:1      | XOM is BORED!
  9892 | D:1      | XOM: give mutation
  9892 | D:1      | Gained mutation: You are mostly covered in iridescent
                  | scales. (AC +4) [Xom's grace]
  9917 | D:2      | XOM: blink monster(s)
 10084 | D:2      | Reached XP level 4. HP: 35/35 MP: 0/0
 10435 | D:3      | Noticed Ijyb
 10463 | D:3      | XOM: smoke on damage
 10465 | D:3      | Killed Ijyb
 10474 | D:3      | Reached XP level 5. HP: 37/40 MP: 0/0
 10474 | D:3      | Learned a level 2 spell: Jinxbite
 10490 | D:3      | XOM: silly message
 10543 | D:3      | Noticed Grinder
 10614 | D:3      | Paralysed by Grinder for 3 turns
 10635 | D:3      | Paralysed by Grinder for 4 turns
 10640 | D:3      | XOM: divination: detect items
 10794 | D:3      | Killed Grinder
 10795 | D:3      | Reached skill level 1 in Evocations
 10795 | D:3      | Reached XP level 6. HP: 34/47 MP: 0/0
 10857 | D:3      | Found a hazy altar of Hepliaklqana.
 10858 | D:3      | Found a basalt altar of Yredelemnul.
 10875 | D:3      | XOM: confuse monster(s)
 10889 | D:3      | HP: 2/47 [wight/+0 short sword (3)]
 10901 | D:3      | XOM: divination: detect creatures
 10988 | D:2      | XOM: silly message
 11130 | D:2      | XOM: give mutation
 11130 | D:2      | Lost mutation: You are mostly covered in iridescent scales.
                  | (AC +4) [Xom's mischief]
 11152 | D:2      | XOM: divination: detect creatures
 11159 | D:2      | Reached XP level 7. HP: 13/51 MP: 0/0
 11159 | D:2      | Learned a level 2 spell: Call Imp
 11165 | D:2      | Slain by a wight

Illustrated notes

Levels and vault maps discovered:
D:1:      tarquinn_simple_flora_water_d, layout_basic,
          hellmonk_ecumenical_altar_arch_garden
D:2:      layout_rooms, minmay_small_reverse_x
D:3:      layout_rooms, nicolae_overflow_squiral, lexackson_kobold_supper,
          uniq_grinder, uniq_ijyb

Skill      XL: |  1  2  3  4  5 |
---------------+----------------+-----
Spellcasting   | 1 2 |  2.5
Conjurations   | 1 2 |  2.5
Hexes          | 1 2 |  2.5
Summonings     | 1 2 |  2.5
Necromancy     | 1 2 |  2.5
Translocations | 1 2 |  2.5
Fire Magic     | 1 2 |  2.5
Ice Magic      | 1 2 |  2.5
Air Magic      | 1 2 |  2.5
Earth Magic    | 1 2 |  2.5
Alchemy        | 1 2 |  2.5
Long Blades    | 3 |  3.5
Armour         | 2 |  2.6
Dodging        | 3 |  3.5
Evocations     | 1 |  1.6
Fighting       | |  3.9

Action                     |  1- 3 |  4- 6 |  7- 9 || total
---------------------------+-------+-------+-------++-------
  Melee: Falchion          |   114 |    67 |     7 ||   188
         Unarmed           |       |    22 |       ||    22
   Cast: Jinxbite          |       |     1 |       ||     1
  Evoke: Wand              |       |     5 |       ||     5
    Use: Scroll            |     1 |     1 |       ||     2
         Potion            |       |     2 |       ||     2
   Stab: Sleeping          |     1 |       |       ||     1
 Armour: Leather armour    |    92 |    57 |     1 ||   150
         Skin              |       |    12 |       ||    12
  Dodge: Dodged            |    71 |   124 |     5 ||   200

Table legend: (Time is in decaauts)
 A = Elapsed time spent in this place.
 B = Non-inter-level travel time spent in this place.
 C = Inter-level travel time spent in this place.
 D = Time resting spent in this place.
 E = Time spent auto-exploring this place.
 F = Levels seen in this place.
 G = Mean time per level.
                   A        B        C        D        E       F      G
               +--------+--------+--------+--------+--------+-----+--------+
         Total |  11164 |  11089 |     75 |   9620 |    958 |   3 | 3721.3 |
       Dungeon |  11164 |  11089 |     75 |   9620 |    958 |   3 | 3721.3 |
               +--------+--------+--------+--------+--------+-----+--------+

Top non-repeatable levels by time:
     D:1: 9885 daAuts
     D:2: 993 daAuts
     D:3: 285 daAuts
